 Dungeon Crawl Stone Soup version 0.31-a0-1370-gf52a5a9ab3 (webtiles) character file.

Game seed: 8231851682185116956

236 senseless the Trooper (level 6, -2/93 HPs)
             Began as an Oni Shapeshifter on Dec 23, 2023.
             Slain by an orc
             ... wielding a +0 flail
              (6 damage)
             ... on level 3 of the Dungeon.
             The game lasted 00:06:13 (1488 turns).

senseless the Trooper (Oni Shapeshifter)            Turns: 1488, Time: 00:06:15

Health: -2/93      AC:  3    Str: 21    XL:     6   Next: 6%
Magic:  6/6        EV: 10    Int: 11    God:
Gold:   34         SH:  0    Dex:  8    Spells: 5/5 levels left

rFire   . . .        f - +2 Maxwell's thermic engine {flame, freeze, rev}
rCold   . . .        (no shield)
rNeg    . . .        a - +0 animal skin
rPois   .            (helmet currently unavailable)
rElec   .            (cloak currently unavailable)
rCorr   .            (gloves unavailable)
SInv    .            (boots unavailable)
Will    .....        (no amulet) Stlth
                     (no ring)
HPRegen 0.35/turn    (no ring)
MPRegen 0.10/turn

%: no passive effects
@: confused, berserking, beast-form, very quick
A: beast (slay +2), large, unfitting armour, horns 1, tough skin 1, double
potion healing, drunken brawling
a: Begin Untransformation


You were on level 3 of the Dungeon.
You were a hulking beast.
You visited 1 branch of the dungeon, and saw 3 of its levels.

You collected 70 gold pieces.
You spent 36 gold pieces at shops.

Inventory:

Hand Weapons
 f - the +2 Maxwell's thermic engine (weapon) {flame, freeze, rev}
   (You acquired it on level 3 of the Dungeon)
 o - a +2 flail of protection
Armour
 a - a +0 animal skin (worn)
Talismans
 c - a beast talisman
 d - a flux talisman
Wands
 p - a wand of mindburst (13) (quivered)
Scrolls
 i - a scroll of blinking {unknown}
 k - a scroll of revelation {unknown}
 l - a scroll of teleportation {unknown}
 m - a scroll of identify {unknown}
 n - a scroll of fear {unknown}
Potions
 b - a potion of lignification
 e - a potion of invisibility {unknown}
 h - a potion of brilliance {unknown}
 j - a potion of berserk rage


   Skills:
 * Level 4.2 Fighting
 * Level 2.1 Long Blades
 + Level 2.9 Dodging
 - Level 3.1 Unarmed Combat
 + Level 3.8 Shapeshifting


You had 5 spell levels left.
You didn't know any spells.
Your spell library contained the following spells:

 Spells                   Type           Power      Damage    Failure   Level
 Call Imp                 Summ           0%         N/A       47%         2
 Sublimation of Blood     Necr           0%         N/A       47%         2
 Stone Arrow              Conj/Erth      0%         3d7       71%         3
 Animate Armour           Summ/Erth      0%         N/A       98%         4
 Summon Hydra             Summ           0%         N/A       100%        7
 Lehudib's Crystal Spear  Conj/Erth      0%         10d2      100%        8


Dungeon Overview and Level Annotations

Branches:
Dungeon (3/15)

Altars:

Shops:
D:1 !


Innate Abilities, Weirdness & Mutations

You are a hulking beast.
Your limbs bulge with bestial killing power. (Slay +2)
You are too large for most types of armour.
You have a pair of small horns on your head.
You have tough skin. (AC +1)
You gain doubled healing and magic from potions.
Whenever you drink a healing potion, you attack all around you.


Message History

You slash the giant cockroach! You burn the giant cockroach.
You kill the giant cockroach!
The gnoll hits you from afar with a +0 spear.
The gnoll closely misses you. The gnoll hits you with a +0 spear.
An orc comes into view. It is wielding a +0 club.
The gnoll hits you from afar with a +0 spear.
You hit the orc wizard. You burn the orc wizard. You freeze the orc wizard.
The orc wizard is moderately wounded.
The orc wizard casts a spell at you.
You are confused.
The gnoll hits you with a +0 spear.
The gnoll hits you from afar with a +0 spear.
You slash the gnoll! You burn the gnoll.
You kill the gnoll!
The orc wizard hits you with a +0 dagger.
The gnoll hits you from afar with a +0 spear.
The gnoll hits you but does no damage. The goblin completely misses you.
You bump into the rock wall.
The goblin hits you with a +0 dagger.
The orc wizard hits you but does no damage.
The orc closely misses you.
The orc wizard hits you with a +0 dagger.
* * * LOW HITPOINT WARNING * * *
The gnoll misses you.
You bump into the rock wall.
The goblin hits you with a +0 dagger.
* * * LOW HITPOINT WARNING * * *
The orc wizard hits you but does no damage.
The orc hits you with a +0 flail.
* * * LOW HITPOINT WARNING * * *
The orc wizard hits you with a +0 dagger.
* * * LOW HITPOINT WARNING * * *
The gnoll hits you from afar with a +0 spear.
* * * LOW HITPOINT WARNING * * *
It was a potion of berserk rage.
A red film seems to cover your vision as you go berserk!
You feel yourself moving faster!
You feel mighty! The goblin closely misses you.
The orc wizard hits you with a +0 dagger.
* * * LOW HITPOINT WARNING * * *
The orc hits you with a +0 flail.
You die...

#.#####.##..###.#....)..
##.##..###.###....# .
#..........# ###..#
....####.##..###.# #...
......)........... #...
.#..####.##..###.# #.##
#.....# #.##
...####)##.##.# #.##
..>.ogoh.......
.....gogo...#.#
#...###.......# #..
#..#..... .. ......... #
#..##.#.# .... .... ...#
..


You could see 2 orc wizards, 2 gnolls, 2 orcs and a goblin.

Vanquished Creatures
  A hound (D:3)
  2 orc priests (D:3)
  Ijyb (D:3)
  An orc wizard (D:3)
  2 gnolls (D:3)
  2 adders (D:2)
  A bombardier beetle (D:3)
  A dart slug (D:2)
  3 orcs (D:3)
  3 ball pythons
  2 bats
  4 endoplasms
  4 giant cockroaches
  3 goblins (D:1)
  4 hobgoblins
  8 jackals
  A quokka (D:3)
  3 frilled lizards
  4 kobolds
  A rat (D:1)
51 creatures vanquished.

Notes
Turn   | Place    | Note
-------+----------+-------------------------------------------
     0 | D:1      | senseless the Oni Shapeshifter began the quest for the Orb.
     0 | D:1      | Reached XP level 1. HP: 19/19 MP: 1/1
   136 | D:1      | Reached XP level 2. HP: 28/28 MP: 2/2
   237 | D:1      | Found Jainoy Kasi's Distillery.
   242 | D:1      | Bought a potion of curing for 36 gold pieces
   258 | D:1      | Reached skill level 2 in Fighting
   362 | D:1      | Found a faded altar of an unknown god.
   561 | D:2      | Reached XP level 3. HP: 29/35 MP: 3/3
  1147 | D:3      | Identified a scroll of acquirement
  1147 | D:3      | Acquired the +2 Maxwell's thermic engine {flame, freeze,
                  | rev}
  1147 | D:3      | Found the +2 Maxwell's thermic engine {flame, freeze, rev}
  1160 | D:3      | Reached XP level 4. HP: 44/44 MP: 4/4
  1195 | D:3      | Reached skill level 3 in Fighting
  1247 | D:3      | Reached skill level 1 in Long Blades
  1247 | D:3      | Reached XP level 5. HP: 24/53 MP: 5/5
  1451 | D:3      | Noticed Ijyb
  1456 | D:3      | Killed Ijyb
  1457 | D:3      | Reached skill level 4 in Fighting
  1472 | D:3      | Reached XP level 6. HP: 59/62 MP: 6/6
  1487 | D:3      | HP: 3/62 [gnoll/+0 spear (3)]
  1488 | D:3      | Slain by an orc

Illustrated notes

Levels and vault maps discovered:
D:1:      dpeg_arrival_shelter, layout_rooms,
          shapermc_ecumenical_altar_mp_highgroup, serial_shops,
          nicolae_shop_rolling_square, kennysheep_flooded_box
D:2:      layout_loops_ring
D:3:      layout_basic, uniq_ijyb, uniq_grinder, uniq_jessica

Skill      XL: |  1  2  3  4  5 |
---------------+----------------+-----
Dodging        | 2 |  2.9
Fighting       | 2 3 4 |  4.2
Unarmed Combat | 3 |  3.1
Long Blades    | 1 2 |  2.1
Shapeshifting  | |  3.8

Action                     |  1- 3 |  4- 6 || total
---------------------------+-------+-------++-------
  Melee: Unarmed           |    47 |       ||    47
         Headbutt          |    11 |     5 ||    16
         Double sword      |     2 |    43 ||    45
    Use: Scroll            |     1 |       ||     1
         Potion            |       |     3 ||     3
 Armour: Animal skin       |    32 |    61 ||    93
  Dodge: Dodged            |    18 |    35 ||    53

Table legend: (Time is in decaauts)
 A = Elapsed time spent in this place.
 B = Non-inter-level travel time spent in this place.
 C = Inter-level travel time spent in this place.
 D = Time resting spent in this place.
 E = Time spent auto-exploring this place.
 F = Levels seen in this place.
 G = Mean time per level.
                   A        B        C        D        E       F      G
               +--------+--------+--------+--------+--------+-----+--------+
         Total |   1504 |   1477 |     27 |    119 |   1076 |   3 |  501.3 |
       Dungeon |   1504 |   1477 |     27 |    119 |   1076 |   3 |  501.3 |
               +--------+--------+--------+--------+--------+-----+--------+

Top non-repeatable levels by time:
     D:2: 634 daAuts
     D:1: 508 daAuts
     D:3: 360 daAuts
